 Dungeon Crawl Stone Soup version 0.31.0-9-g3a7656b989 (webtiles) character file.

Game seed: 10472599205187073646

49 qw the Shooter (level 3, -2/18 HPs)
             Began as a Spriggan Hunter on Feb 2, 2024.
             Slain by a goblin
             ... wielding a +0 club
             ... led by Robin
              (5 damage)
             ... on level 2 of the Dungeon.
             The game lasted 00:00:03 (954 turns).

qw the Shooter (Spriggan Hunter)                     Turns: 954, Time: 00:00:03

Health: -2/18      AC:  2    Str:  7    XL:     3   Next: 51%
Magic:  4/4        EV: 19    Int: 10    God:
Gold:   83         SH:  5    Dex: 20    Spells: 2/2 levels left

rFire   . . .        a - +0 shortbow
rCold   . . .        (shield currently unavailable)
rNeg    . . .        c - +0 robe
rPois   .            (helmet restricted)
rElec   .            (no cloak)
rCorr   .            (gloves unavailable)
SInv    +            (boots unavailable)
Will    .....        g - amulet of reflection
Stlth   ++           (no ring)
HPRegen 0.23/turn    (no ring)
MPRegen 0.09/turn

%: reflection
@: very quick
A: very small, no large weapons, unfitting armour, see invisible, speed 3
a: no special abilities


You were on level 2 of the Dungeon.
You visited 1 branch of the dungeon, and saw 2 of its levels.

You collected 83 gold pieces.


Innate Abilities, Weirdness & Mutations

You are very small and have problems with some larger weapons.
You are too small for most types of armour.
You have supernaturally acute eyesight. (SInv)
You cover ground extremely quickly. (Speed+++)


   Skills:
 - Level 1.5 Fighting
 + Level 4.8 Ranged Weapons
 - Level 4.0 Dodging
 - Level 1.5 Stealth


You had 2 spell levels left.
You didn't know any spells.
Your spell library was empty.

Inventory:

Hand Weapons
 a - a +0 shortbow (weapon)
Armour
 c - a +0 robe (worn)
Jewellery
 g - an amulet of reflection (around neck)
Scrolls
 b - a scroll of vulnerability {unknown}
Potions
 l - 3 potions of curing

Dungeon Overview and Level Annotations

Branches:
Dungeon (2/15)

Altars:

Shops:
D:2 (


Message History

You kill the goblin!
You shoot an arrow.
The arrow hits Robin but does no damage.
Robin completely misses you.
You shoot an arrow.
The arrow hits Robin but does no damage.
The goblin completely misses you. The goblin hits you with a +0 club.
You block Robin's attack.
You shoot an arrow. The arrow hits Robin.
Robin is lightly wounded.
The goblin hits you with a +0 dagger. The goblin misses you.
Robin hits you with a +0 short sword.
You shoot an arrow. The arrow hits Robin.
Robin is moderately wounded.
The goblin barely misses you. The goblin hits you with a +0 club.
You block Robin's attack.
You shoot an arrow. The arrow hits Robin!
Robin is almost dead.
You block the goblin's attack. The goblin hits you but does no damage.
Robin misses you.
The goblin closely misses you. x2; Robin barely misses you.
You shoot an arrow. The arrow hits Robin.
You kill Robin!
The goblin closely misses you. The goblin completely misses you.
You shoot an arrow. The arrow hits the goblin.
The goblin is severely wounded.
The hobgoblin closely misses you. The goblin barely misses you.
The goblin hits you with a +0 club.
You shoot an arrow. The arrow hits the goblin.
You kill the goblin!
The hobgoblin misses you. You block the goblin's attack.
You shoot an arrow.
The arrow closely misses the hobgoblin. x2
The goblin hits you but does no damage.
You shoot an arrow. The arrow hits the hobgoblin!
You kill the hobgoblin!
The goblin no longer looks unusually strong.
The hobgoblin no longer looks unusually strong.
The goblin barely misses you.
You shoot an arrow. The arrow closely misses the hobgoblin.
The goblin hits you with a +0 club.
You die... .#....# ..)?. ..... # ..gS #.##gg## .gggg

#####gg#
#....g@########.#
#.##.....#...[..#
#.......######
#......########
#......###....
#.......#..##
#.....#.....#
#########%#.######
#..#......##


You could see 4 hobgoblins, 6 goblins and a ball python.

Vanquished Creatures
  Robin (D:2)
  A dart slug (D:1)
  A ball python (D:1)
  4 bats
  2 endoplasms (D:1)
  2 giant cockroaches (D:1)
  4 goblins
  5 hobgoblins
  4 jackals (D:1)
  2 kobolds
  A quokka (D:2)
  4 frilled lizards (D:1)
  A rat (D:1)
32 creatures vanquished.

Notes
Turn   | Place    | Note
-------+----------+-------------------------------------------
     0 | D:1      | qw the Spriggan Hunter began the quest for the Orb.
     0 | D:1      | Reached XP level 1. HP: 10/10 MP: 2/2
     0 | D:1      | 0 ||| qw: Version: 0.3-a-155-g5e7d8dd
     0 | D:1      | 0 ||| qw: Game counter: 1420
     0 | D:1      | 0 ||| qw: Melee chars always use a shield: true
     0 | D:1      | 0 ||| qw: God list: Okawaru
     0 | D:1      | 0 ||| qw: Allow faded altars: false
     0 | D:1      | 0 ||| qw: Do Orc after clearing Dungeon:15 true
     0 | D:1      | 0 ||| qw: Do second Lair branch before Depths: true
     0 | D:1      | 0 ||| qw: Lair rune preference: random
     0 | D:1      | 0 ||| qw: Goals: Normal
     0 | D:1      | 0 ||| PLANNING D:1-11
    63 | D:1      | Reached skill level 3 in Dodging
   167 | D:1      | Reached XP level 2. HP: 14/14 MP: 3/3
   609 | D:1      | 609 ||| UPGRADING to amulet of reflection.
   614 | D:1      | 614 ||| DROPPING ring of wizardry.
   615 | D:1      | 615 ||| READING scroll labelled URCHYX CONGIKO.
   616 | D:1      | 616 ||| READING scroll labelled UFFIES COXU.
   617 | D:1      | 617 ||| READING scroll labelled ONTOGU QUIMP.
   718 | D:1      | 718 ||| READING 3 scrolls labelled FELAORGH TOMEA.
   718 | D:1      | 718 ||| IDENTIFYING clear potion
   719 | D:1      | 719 ||| READING 2 scrolls of identify.
   719 | D:1      | 719 ||| IDENTIFYING orange potion
   720 | D:1      | 720 ||| READING scroll of identify.
   720 | D:1      | 720 ||| IDENTIFYING 2 amethyst potions
   721 | D:1      | 721 ||| DROPPING scroll of butterflies.
   722 | D:1      | 722 ||| DROPPING potion of degeneration.
   723 | D:1      | 723 ||| DROPPING potion of brilliance.
   797 | D:2      | Reached XP level 3. HP: 18/18 MP: 4/4
   797 | D:2      | Found Garhoups's Weapon Boutique.
   942 | D:2      | Noticed Robin
   949 | D:2      | Killed Robin
   950 | D:2      | HP: 2/18 [goblin/+0 club[Robin] (6)]
   954 | D:2      | Slain by a goblin

Levels and vault maps discovered:
D:1:      dpeg_cavernosity, layout_rooms, minivault_14
D:2:      layout_rooms, serial_shops, nicolae_shop_hallway_stairs,
          ebering_dispersal_statue_hall, kennysheep_generic_room_5,
          uniq_natasha, uniq_robin

Skill      XL: |  1  2 |
---------------+-------+-----
Dodging        | 3 4 |  4.0
Fighting       | |  1.5
Ranged Weapons | |  4.8
Stealth        | |  1.5

Action                     || total
---------------------------++-------
   Fire: Shortbow          ||    99
    Use: Scroll            ||     6
 Armour: Robe              ||    13
  Dodge: Dodged            ||    47
  Block: Other             ||     4

Table legend:
 A = Non-vault XP
 B = Vault XP
 C = Vault XP percentage of total XP
 D = Non-vault monster count
 E = Vault monster count
 F = Vault count percentage of total count
                 A         B        C        D         E       F
            +---------+---------+-------+---------+---------+-------
      Total |      43 |      27 |  38.6 |      25 |       7 |  21.9
            +---------+---------+-------+---------+---------+-------
        D:1 |      32 |       8 |  20.0 |      18 |       4 |  18.2
        D:2 |      11 |      19 |  63.3 |       7 |       3 |  30.0
            +---------+---------+-------+---------+---------+-------
